Construct Section Command Post
Construct Platoon Command Post
Unlock Bishop Self-propelled Artillery
Bishop Self-propelled Artillery
Bishop Self-propelled Artillery
Selects Air and Sea Battlegroup
6-pounder Anti-tank Gun Team
Construct Company Command Post
Selects Centaur Medium Tank
Unlock Towed 17-pounder Anti-tank Guns
17-pounder Anti-tank Gun Team
Unlock M3 Grant Medium Tanks
Selects Commando Section Paradrop
Selects Commando Support Section Paradrop
Selects Commando Section Paradrop
Selects Commando Support Section Paradrop
Commando Section Paradrop
Selects Anti-tank Rocket Loiter
17-pounder Anti-tank Gun Team